 Dungeon Crawl Stone Soup version 0.26-a0-757-g626ac9e51a (webtiles) character file.

Game seed: 12643671726454529331

24 strifetoe the Chopper (level 3, -6/31 HPs)
             Began as a Hill Orc Fighter on Nov 7, 2020.
             Killed by divine providence
             ... invoked by an orc priest
              (8 damage)
             ... on level 3 of the Dungeon.
             The game lasted 00:00:30 (433 turns).

strifetoe the Chopper (Hill Orc Fighter)             Turns: 433, Time: 00:00:31

Health: -6/31      AC:  6    Str: 19    XL:     3   Next: 2%
Magic:  3/3        EV:  7    Int:  8    God:
Gold:   0          SH:  9    Dex: 10    Spells: 2/2 levels left

rFire    . . .     SeeInvis .   a - +0 war axe
rCold    . . .     Faith    .   c - +0 kite shield
rNeg     . . .     Spirit   .   b - +0 scale mail
rPois    .         Reflect  .   (no helmet)
rElec    .         Harm     .   (no cloak)
rCorr    .         Rampage  .   (no gloves)
MR       .....                  (no boots)
Stlth    ..........             (no amulet)
HPRegen  0.10/turn              (no ring)
MPRegen  0.08/turn              (no ring)

@: no status effects
A: no striking features
a: Convert to Beogh


You were on level 3 of the Dungeon.
You visited 1 branch of the dungeon, and saw 3 of its levels.

Inventory:

Hand Weapons
 a - a +0 war axe (weapon)
Armour
 b - a +0 scale mail (worn)
 c - a +0 kite shield (worn)
Scrolls
 e - a scroll of remove curse {unknown}
 f - a scroll of fog {unknown}
Potions
 d - a potion of might


   Skills:
 - Level 3.6 Fighting
 + Level 4.5 Axes
 - Level 3.2 Armour
 - Level 3.2 Shields


You had 2 spell levels left.
You didn't know any spells.
Your spell library was empty.

Dungeon Overview and Level Annotations

Branches:
Dungeon (3/15)

Altars:


Message History

Increase (S)trength, (I)ntelligence, or (D)exterity?
You feel stronger.
You barely miss the orc. You closely miss the kobold.
The kobold hits you but does no damage. The orc hits you but does no damage.
The orc priest hits you but does no damage.
You block the kobold's attack. The orc hits you but does no damage.
You block the kobold's attack. You block the orc priest's attack.
The leopard gecko bites you but does no damage.
The orc hits you but does no damage. The kobold hits you.
* * * LOW HITPOINT WARNING * * *
The leopard gecko bites you.
* * * LOW HITPOINT WARNING * * *
The orc priest looks braver for a moment.
The kobold completely misses you. You block the orc's attack.
The leopard gecko bites you.
* * * LOW HITPOINT WARNING * * *
The orc priest mumbles some strange prayers to Beogh against you.
Beogh smites you!
You die...

## ### #. >...# #.
#.... ###.### #.#l#
.....# #.#.#
######.#.###.#.########
......).o##>..........#
#....o@K†.............
...####.l##............
#..###.#...####?# #...
#.#.)?#
#.#.##.#...####.#
#.#.##...†.......
#.#.#####..####.# #.#.#
#.........# #.#..######


You could see an orc priest, an orc, a leopard gecko and a kobold.

Vanquished Creatures
  An adder (D:3)
  A worm (D:3)
  A leopard gecko (D:3)
  An orc (D:3)
  A giant cockroach (D:1)
  A goblin (D:3)
  2 jackals (D:3)
  2 bats (D:3)
  A kobold (D:2)
  A rat (D:3)
12 creatures vanquished.

Notes
Turn   | Place    | Note
-------+----------+-------------------------------------------
     0 | D:1      | strifetoe the Hill Orc Fighter began the quest for the Orb.
     0 | D:1      | Reached XP level 1. HP: 19/19 MP: 1/1
   125 | D:2      | Reached skill level 3 in Axes
   353 | D:3      | Reached XP level 2. HP: 26/26 MP: 2/2
   406 | D:3      | Reached skill level 4 in Axes
   429 | D:3      | Reached XP level 3. HP: 9/31 MP: 3/3
   433 | D:3      | Killed from afar by an orc priest

Illustrated notes

Levels and vault maps discovered:
D:1:      scummos_arrival_hexagon, layout_loops_ring
D:2:      layout_basic, tgw_trog, grunt_decor_clamped, st_stairs_13
D:3:      layout_loops_ring, gup_sewer_entry_bubbles

Skill      XL: |  1  2 |
---------------+-------+-----
Axes           | 3 4 |  4.5
Fighting       | |  3.6
Armour         | |  3.2
Shields        | |  3.2

Action                   || total
-------------------------++-------
Melee: War axe           ||    40
Armor: Scale mail        ||    20
Dodge: Dodged            ||    11
Block: Kite shield       ||    34

Table legend: (Time is in decaauts)
 A = Elapsed time spent in this place.
 B = Non-inter-level travel time spent in this place.
 C = Inter-level travel time spent in this place.
 D = Time resting spent in this place.
 E = Time spent auto-exploring this place.
 F = Levels seen in this place.
 G = Mean time per level.
                   A        B        C        D        E       F      G
               +--------+--------+--------+--------+--------+-----+--------+
         Total |    450 |    436 |     14 |      0 |    333 |   3 |  150.0 |
       Dungeon |    450 |    436 |     14 |      0 |    333 |   3 |  150.0 |
               +--------+--------+--------+--------+--------+-----+--------+

Top non-repeatable levels by time:
     D:3: 309 daAuts
     D:2: 109 daAuts
     D:1: 31 daAuts
